Map: Eco ER (Void)

Players

NaQuIo

  • Race: Zerg Zerg
  • League: Platinum

YesItsNull - Winner!

  • Race: Zerg Zerg
  • League: Platinum

VOD

Have the link to the VOD?

Description

Time

  • Played on: Nov. 23, 2016, 8:08 a.m.
  • Length: 5:07
Show
View Real Time Build Order
Export as new Build Order

NaQuIo Zerg 

Build Orders: Hatch First 

Get SALT Encoding   

  12  0:01  Drone  
  13  0:12  Drone  
  14  0:41  Hatchery  
  14  0:42  Drone  
  14  1:02  Overlord  
  14  1:03  Overlord  
  14  1:27  Drone x3  
  17  1:37  Spawning Pool  
  17  1:38  Overlord  
  16  1:57  Drone  
  16  1:59  Drone  
  18  2:10  Drone  
  18  2:11  Drone  
  18  2:13  Extractor  
  19  2:22  Hatchery  
  18  2:27  Drone  
  18  2:29  Drone x3  
  22  2:34  Queen  
  24  2:42  Queen  
  26  2:47  Drone  
  26  2:49  Drone  
  28  2:57  Drone  
  29  2:58  Drone x2  
  29  3:04  Extractor  
  27  3:19  Zergling x4  
  26  3:31  Zergling x2  
  23  3:34  Drone x2  
  23  3:41  Zergling x2  
  25  3:42  Zergling x2  
  25  3:46  Spine Crawler  
  24  3:49  Zergling x2  
  24  3:53  Zergling x2  
  20  4:07  Zergling x2  
Show
View Real Time Build Order
Export as new Build Order

YesItsNull Zerg - Winner!

Build Orders: Hatch First 

Get SALT Encoding   

  12  0:02  Drone  
  13  0:17  Overlord  
  13  0:36  Drone x3  
  16  0:47  Drone  
  17  0:55  Hatchery  
  16  0:59  Drone  
  17  1:09  Drone  
  17  1:11  Extractor  
  17  1:20  Spawning Pool  
  17  1:22  Drone  
  17  1:30  Drone  
  18  1:47  Drone  
  19  1:53  Overlord  
  19  2:07  Queen  
  19  2:08  Queen  
  23  2:11  Metabolic Boost  
  23  2:13  Zergling x4  
  25  2:16  Zergling x2  
  25  2:20  Zergling x2  
  27  2:24  Drone  
  28  2:34  Drone  
  29  2:37  Drone  
  29  2:41  Overlord  
  30  2:50  Zergling x2  
  31  2:52  Zergling x2  
  31  2:55  Baneling Nest  
  31  2:59  Spine Crawler, Zergling x2  
  31  3:09  Zergling x4  
  31  3:12  Zergling x2  
  34  3:16  Zergling x4  
  36  3:27  Zergling x2  
  36  3:28  Zergling x6  
  36  3:33  Zergling x2  
  36  3:34  Zergling x2  
  37  3:44  Zergling x4  
  39  3:53  Zergling x4  
  40  3:57  Zergling x2  
  39  4:03  Zergling x2  
  39  4:07  Zergling x2  
  40  4:13  Zergling x2  
  39  4:31  Zergling x4  
  39  4:32  Zergling x2  
  42  4:50  Zergling x2  
Tags
 
Add a new tag
Caveats
  • Supply blocks, unpowered buildings, or Contaminate may cause inaccurate times.
  • Supply counts are checked every 10 seconds.